 Dungeon Crawl Stone Soup version 0.24-a0-619-gb7544fd237 (webtiles) character file.

Game seed: 1818596719055382663, levelgen mode: deterministic

53 Gargoyl the Skirmisher (level 3, 0/31 HPs)
             Began as a Centaur Abyssal Knight on Sept 16, 2019.
             Was a Follower of Lugonu.
             Killed by nerve-wracking pain
             ... invoked by an orc priest
              (14 damage)
             ... on level 3 of the Dungeon on Sept 17, 2019.
             The game lasted 00:03:23 (2321 turns).

Gargoyl the Skirmisher (Centaur Abyssal Knight)     Turns: 2321, Time: 00:03:23

Health: 0/31       AC:  6    Str: 13 (14) XL:     3   Next: 64%
Magic:  4/4        EV: 12    Int: 10 (11) God:    Lugonu [*.....]
Gold:   234        SH:  0    Dex:  6 (9)  Spells: 2/2 levels left

rFire    . . .     SeeInvis .   a - +4 hand axe
rCold    . . .     Gourm    .   (no shield)
rNeg     . . .     Faith    .   b - +2 leather armour
rPois    .         Spirit   .   (no helmet)
rElec    .         Reflect  .   (no cloak)
rCorr    .         Harm     .   (no gloves)
MR       .....                  (no barding)
Stlth    ..........             (no amulet)
HPRegen  0.10/turn              d - +3 ring of evasion
MPRegen  0.09/turn              (no ring)

@: very quick
A: large, hooves 3, deformed body, speed 2, tough skin 3
a: Depart the Abyss, Renounce Religion


You were on level 3 of the Dungeon.
You worshipped Lugonu.
Lugonu was aware of your devotion.
You were not hungry.

You visited 1 branch of the dungeon, and saw 3 of its levels.
You visited the Abyss 1 time.

You collected 234 gold pieces.

Inventory:

Hand Weapons
 a - a +4 hand axe (weapon)
Armour
 b - a +2 leather armour (worn)
Jewellery
 d - a +3 ring of evasion (left hand)
Scrolls
 e - a scroll of teleportation
 f - a scroll of fear
 l - 3 scrolls of identify
 o - a scroll of remove curse
Potions
 g - a potion of lignification
 j - a potion of degeneration
 k - a potion of might
 m - a potion of curing
 n - a potion of flight
 p - a potion of haste {unknown}
Comestibles
 c - 5 rations
 h - 2 chunks of flesh


   Skills:
 + Level 3.6 Fighting
 + Level 2.1 Axes
 * Level 1.9 Armour
 * Level 1.1 Dodging
 * Level 2.4 Invocations


You had 2 spell levels left.
You didn't know any spells.
Your spell library was empty.

Dungeon Overview and Level Annotations

Branches:
Dungeon (3/15)

Altars:


Innate Abilities, Weirdness & Mutations

You have hooves in place of feet.
Armour fits poorly on your strangely shaped body.
You cover ground very quickly.
You have extremely tough skin. (AC +3)


Message History

The orc priest barely misses you.
You hit the orc priest but do no damage.
Your kick misses the orc priest.
You hit the orc wizard but do no damage.
The orc wizard completely misses you.
The orc priest mumbles some strange prayers to Beogh against you.
Beogh smites you!
You hit the orc priest.
You kick the orc priest, but do no damage.
The orc priest is lightly wounded.
You hit the orc wizard. The orc wizard casts a spell at you.
The magic dart hits you. The orc priest misses you.
Unknown command.
You closely miss the orc priest. You kick the orc priest.
The orc priest is heavily wounded.
You hit the orc wizard. The orc wizard closely misses you.
The orc priest invokes the aid of Beogh against you.
Pain shoots through your body!
You die...

######.###.##.... #.#
####.##. ###.### ##
#.....# # #
#####.###.### #
##.##.....# #...##$ #
.......##.###.#.##. #
#.##.##..##.....#.##. #
#.....o@...##.###.##. #
.....##.o..##.##.#.#.###
### ##...<>##...# #...##
#.!.....##.# #....
#.......$.## ##...
#........#.## ##.###
##.....####.###.##
##..........#.##
###########.##


You could see an orc priest and an orc wizard.

Vanquished Creatures
  An adder (D:3)
  2 worms (D:2)
  2 leopard geckos (D:2)
  3 orcs (D:2)
  2 giant cockroaches
  2 goblins (D:2)
  3 hobgoblins
  3 kobolds
  A quokka (D:3)
  A ball python (D:2)
  5 bats
  4 frilled lizards
  5 rats
34 creatures vanquished.

Notes
Turn   | Place    | Note
-------+----------+-------------------------------------------
     0 | Abyss:1  | Gargoyl the Centaur Abyssal Knight began the quest for the
                  | Orb.
     0 | Abyss:1  | Reached XP level 1. HP: 19/19 MP: 2/2
    36 | Abyss:1  | Noticed an apocalypse crab
   145 | Abyss:3  | Noticed an apocalypse crab
   145 | D:1      | Escaped the Abyss
  1037 | D:2      | Reached XP level 2. HP: 24/26 MP: 3/3
  1302 | D:2      | HP: 1/26 [worm (11)]
  1388 | D:2      | Reached skill level 1 in Dodging
  1571 | D:2      | Reached * piety under Lugonu
  1822 | D:2      | Upgraded the game from 0.24-a0-618-ge4662a2d14 to
                  | 0.24-a0-619-gb7544fd237
  1913 | D:2      | Reached XP level 3. HP: 31/31 MP: 4/4
  2321 | D:3      | Killed from afar by an orc priest

Levels and vault maps discovered:
D:1:      shiori_arrival_elements, layout_basic, nrook_mini_backslash
D:2:      layout_basic
D:3:      layout_loops_ring, uniq_grinder

Skill      XL: |  1  2 |
---------------+-------+-----
Dodging        | 1 |  1.1
Axes           | 2 |  2.1
Fighting       | |  3.6
Armour         | |  1.9
Invocations    | |  2.4

Action                   || total
-------------------------++-------
Melee: Hand axe          ||    87
       Kick              ||    13
Invok: Depart the Abyss  ||     1
  Use: Scroll            ||    11
       Potion            ||     6
  Eat: Chunk             ||     3
Armor: Leather armour    ||    24
Dodge: Dodged            ||    70

Table legend:
 A = Non-vault XP
 B = Vault XP
 C = Vault XP percentage of total XP
 D = Non-vault monster count
 E = Vault monster count
 F = Vault count percentage of total count
                 A         B        C        D         E       F
            +---------+---------+-------+---------+---------+-------
      Total |      77 |       0 |   0.0 |      34 |       0 |   0.0
            +---------+---------+-------+---------+---------+-------
        D:1 |       8 |       0 |   0.0 |       6 |       0 |   0.0
        D:2 |      45 |       0 |   0.0 |      20 |       0 |   0.0
        D:3 |      24 |       0 |   0.0 |       8 |       0 |   0.0
            +---------+---------+-------+---------+---------+-------
